 Dungeon Sprint DCSS version 0.17-a0-1648-g0a089d4 (webtiles) character file.

11200000 Kidiri the Axe Maniac (level 27, -15/273 HPs)
             Began as a Centaur Warper on Aug 12, 2015.
             Was the Champion of Makhleb.
             Killed from afar by a wretched soul (91 damage)
             ... with a bolt of negative energy
             ... in the Dungeon (Sprint VIII: "Arena of Blood").
             The game lasted 00:04:40 (112 turns).

Kidiri the Axe Maniac (Centaur Warper)               Turns: 112, Time: 00:04:40

Health: -15/273    AC:  7    Str: 16    XL:     27
Magic:  25/54      EV: 31    Int: 12    God:    Makhleb [******]
Gold:   0          SH:  0    Dex: 20    Spells: 1 memorised, 79 levels left

rFire  + . .     SeeInvis .     l - +∞ Axe of Woe
rCold  . . .     Clarity  .     b - +0 leather armour
rNeg   . . .     SustAt   .     (no shield)
rPois  .         Gourm    .     (no helmet)
rElec  .         Spirit   .     (no cloak)
rCorr  .         Warding  .     (no gloves)
rMut   .         NoTele   +     (no barding)
MR     ++...                    (no amulet)
Stlth  ++++++....               (no ring)
                                m - ring of protection from fire

@: marked, very slightly contaminated, drained, very quick, very resistant to
hostile enchantments, very stealthy
A: hooves 3, deformed body, speed 2, tough skin 3
a: Minor Destruction, Lesser Servant of Makhleb, Major Destruction, Greater
Servant of Makhleb, Renounce Religion


You were in the Dungeon.
You worshipped Makhleb.
Makhleb was exalted by your worship.
You were not hungry.

You visited 1 branch

Inventory:

Hand weapons
 a - a +0 hand axe
 l - the +∞ Axe of Woe (weapon)
   (You found it in the Dungeon)
Missiles
 e - 4 tomahawks of dispersal (quivered)
Armour
 b - a +0 leather armour (worn)
Jewellery
 m - a ring of protection from fire (left hand)
Scrolls
 d - a scroll of blinking
Potions
 g - a potion of curing
 h - a potion of heal wounds
 i - a potion of haste
 j - 2 potions of magic
 k - a potion of berserk rage
Books
 c - a book of Spatial Translocations

   Spells                             Type                      Level
   a - Apportation                    Translocation                1
   b - Blink                          Translocation                2
   c - Shroud of Golubria             Charms/Translocation         2
   d - Portal Projectile              Translocation                3
   e - Teleport Other                 Translocation                3
   f - Passage of Golubria            Translocation                4
Comestibles
 f - a bread ration


   Skills:
 O Level 27(25.5) Fighting
 O Level 27(25.5) Axes
 O Level 27(25.5) Throwing
 O Level 27(25.5) Armour
 O Level 27(25.5) Dodging
 O Level 27(25.5) Stealth
 O Level 27(25.5) Unarmed Combat
 O Level 27(25.5) Spellcasting
 O Level 27(25.5) Translocations
 O Level 27(25.5) Invocations


You had 79 spell levels left.
You knew the following spells:

 Your Spells              Type           Power        Failure   Level  Hunger
a - Apportation           Tloc           ######....   0%          1    None


Dungeon Overview and Level Annotations

Branches:
Dungeon (1/1)

Altars:
Makhleb


Innate Abilities, Weirdness & Mutations

You have hooves in place of feet.
Armour fits poorly on your strangely shaped body.
You cover ground very quickly.
You have extremely tough skin (AC +3).


Message History

2 orcs and an ogre come into view.
The meat berserker is engulfed in roaring flames.
The meat berserker dies!
You feel something staring at you.
A fireball appears from out of thin air!
The fireball explodes!
The fireball engulfs you! You resist.
The fireball engulfs the bag of meat.
The sculptor of flesh is engulfed in roaring flames.
The corpses begin to drag themselves along the ground!
The scourge is engulfed in roaring flames.
The small abomination is engulfed in roaring flames.
The destroyer blinks!
You hear a shout!
The accursed points at you and mumbles some strange words.
Something smites you!
* * * LOW HITPOINT WARNING * * *
A bolt of negative energy appears from out of thin air!
The bolt of negative energy misses the bag of meat.
The bolt of negative energy hits you!
You feel drained.
You die...

### ###.... ####§......
###x§@V......
####..oLo........
####.oxox.)xo####..L
#...§§§S.§xo#o .
#.xo§x§Ox.W..#.
#...§x§....M.#L{
#%..§zO.###oC2#........
#..§§§###.oooo.#.o..........
#.oo.#%...O..................


You could see an accursed, 2 tyrants, a destroyer, a scourge, a sculptor of
flesh, a dread, 2 meat berserkers, a small abomination and 10 bags of meat.

Vanquished Creatures
  Sigmund (D)
  12 hell beasts (D)
  A greater mummy (D)
  A great orb of eyes (D)
  A wraith (D)
  11 vampire knights (D)
  38 ogres (D)
  4 liches (D)
  A hydra (D)
  77 orcs (D)
  A phantom (D)
  6 hill giants (D)
  4 skeletal warriors (D)
  8 large abominations (D)
  9 small abominations (D)
  9 crawling corpses (D)
184 creatures vanquished.

Vanquished Creatures (others)
  7 ogres (D)
  2 orcs (D)
  2 small abominations (D)
  6 crawling corpses (D)
17 creatures vanquished.

Grand Total: 201 creatures vanquished

Notes
Turn   | Place    | Note
--------------------------------------------------------------
     0 | D        | Kidiri the Centaur Warper began the quest for the Orb.
     0 | D        | Reached XP level 1. HP: 17/17 MP: 3/3
     3 | D        | Noticed a bag of meat
     4 | D        | Became a worshipper of Makhleb the Destroyer
     6 | D        | Noticed a bag of meat
     6 | D        | Noticed a bag of meat
     6 | D        | Noticed a bag of meat
     6 | D        | Noticed a bag of meat
     7 | D        | Noticed a bag of meat
     7 | D        | Noticed a bag of meat
     8 | D        | Noticed a bag of meat
     9 | D        | Noticed a bag of meat
    10 | D        | Killed a bag of meat
    10 | D        | Reached skill level 10 in Fighting
    10 | D        | Reached skill level 12 in Axes
    10 | D        | Reached XP level 2. HP: 21/39 MP: 3/11
    10 | D        | Reached XP level 3. HP: 24/46 MP: 3/12
    10 | D        | Reached XP level 4. HP: 27/52 MP: 3/14
    10 | D        | Reached XP level 5. HP: 30/59 MP: 3/15
    10 | D        | Reached XP level 6. HP: 34/67 MP: 3/17
    10 | D        | Reached XP level 7. HP: 37/73 MP: 3/18
    10 | D        | Reached XP level 8. HP: 40/80 MP: 3/20
    10 | D        | Reached XP level 9. HP: 43/86 MP: 3/21
    10 | D        | Reached XP level 10. HP: 47/94 MP: 3/22
    10 | D        | Reached XP level 11. HP: 50/101 MP: 3/23
    11 | D        | Noticed a bag of meat
    11 | D        | Noticed a meat berserker
    11 | D        | Noticed a bag of meat
    12 | D        | Killed a bag of meat
    12 | D        | Acquired Makhleb's first power
    12 | D        | Reached skill level 14 in Axes
    12 | D        | Reached XP level 12. HP: 51/112 MP: 3/25
    12 | D        | Killed a bag of meat
    12 | D        | Reached skill level 16 in Axes
    12 | D        | Reached skill level 10 in Armour
    12 | D        | Reached skill level 10 in Spellcasting
    12 | D        | Reached XP level 13. HP: 53/119 MP: 3/27
    13 | D        | Killed a bag of meat
    13 | D        | Acquired Makhleb's second power
    13 | D        | Reached skill level 17 in Axes
    13 | D        | Reached XP level 14. HP: 86/130 MP: 3/29
    13 | D        | Killed a bag of meat
    13 | D        | Reached skill level 18 in Axes
    13 | D        | Reached skill level 15 in Dodging
    14 | D        | Noticed a meat berserker
    14 | D        | Killed a bag of meat
    14 | D        | Acquired Makhleb's third power
    14 | D        | Reached skill level 15 in Fighting
    14 | D        | Reached XP level 15. HP: 134/141 MP: 4/31
    15 | D        | Noticed a bag of meat
    15 | D        | Killed a meat berserker
    15 | D        | Reached skill level 20 in Axes
    15 | D        | Reached skill level 15 in Translocations
    15 | D        | Noticed a bag of meat
    16 | D        | Noticed a meat berserker
    16 | D        | Killed a bag of meat
    16 | D        | Reached XP level 16. HP: 149/154 MP: 4/33
    16 | D        | Killed a bag of meat
    16 | D        | Acquired Makhleb's fourth power
    16 | D        | Reached skill level 21 in Axes
    17 | D        | Noticed a bag of meat
    17 | D        | Killed a meat berserker
    17 | D        | Reached skill level 22 in Axes
    17 | D        | Reached XP level 17. HP: 161/166 MP: 4/35
    17 | D        | Killed a bag of meat
    17 | D        | Reached skill level 23 in Axes
    17 | D        | Reached skill level 15 in Armour
    17 | D        | Reached skill level 15 in Spellcasting
    18 | D        | Noticed a bag of meat
    19 | D        | Noticed a bag of meat
    20 | D        | Noticed a bag of meat
    21 | D        | Noticed a destroyer
    22 | D        | Noticed a meat berserker
    24 | D        | Noticed a bag of meat
    24 | D        | Noticed a bag of meat
    24 | D        | Noticed a bag of meat
    25 | D        | Noticed a bag of meat
    25 | D        | Noticed a bag of meat
    25 | D        | Noticed a bag of meat
    25 | D        | Noticed a bag of meat
    26 | D        | Noticed a meat berserker
    26 | D        | Noticed a bag of meat
    26 | D        | Noticed a bag of meat
    26 | D        | Noticed a bag of meat
    26 | D        | Noticed a bag of meat
    26 | D        | Noticed a bag of meat
    26 | D        | Noticed a destroyer
    26 | D        | Noticed a bag of meat
    26 | D        | Noticed a meat berserker
    26 | D        | Noticed a bag of meat
    26 | D        | Noticed a destroyer
    27 | D        | Noticed a bag of meat
    27 | D        | Killed a destroyer
    27 | D        | Acquired Makhleb's fifth power
    27 | D        | Reached skill level 24 in Axes
    27 | D        | Reached XP level 18. HP: 172/178 MP: 6/38
    27 | D        | Killed a destroyer
    27 | D        | Reached skill level 25 in Axes
    27 | D        | Reached skill level 26 in Throwing
    27 | D        | Killed a meat berserker
    27 | D        | Reached XP level 19. HP: 184/191 MP: 6/40
    28 | D        | Noticed a meat berserker
    28 | D        | Noticed a bag of meat
    28 | D        | Killed a destroyer
    28 | D        | Reached skill level 27 in Axes
    28 | D        | Reached skill level 27 in Throwing
    28 | D        | Killed a bag of meat
    28 | D        | Noticed a large bag of meat
    29 | D        | Noticed a bag of meat
    29 | D        | Noticed a bag of meat
    29 | D        | Noticed a bag of meat
    30 | D        | Noticed a meat berserker
    30 | D        | Noticed a bag of meat
    30 | D        | Noticed a bag of meat
    31 | D        | Noticed a large bag of meat
    31 | D        | Noticed a bag of meat
    31 | D        | Killed a meat berserker
    31 | D        | Reached XP level 20. HP: 206/209 MP: 7/44
    32 | D        | Noticed a bag of meat
    32 | D        | Noticed a bag of meat
    32 | D        | Noticed a bag of meat
    32 | D        | Killed a bag of meat
    32 | D        | Killed a bag of meat
    32 | D        | Reached skill level 27 in Dodging
    32 | D        | Killed a bag of meat
    32 | D        | Killed a bag of meat
    32 | D        | Killed a meat berserker
    32 | D        | Reached skill level 27 in Fighting
    32 | D        | Reached XP level 21. HP: 222/224 MP: 7/48
    33 | D        | Noticed a meat berserker
    33 | D        | Noticed a meat berserker
    33 | D        | Noticed a bag of meat
    33 | D        | Noticed a bag of meat
    33 | D        | Noticed a meat berserker
    33 | D        | Killed a meat berserker
    33 | D        | Reached skill level 27 in Translocations
    33 | D        | Killed a bag of meat
    35 | D        | Noticed a bag of meat
    35 | D        | Killed a meat berserker
    35 | D        | Killed a bag of meat
    35 | D        | Reached skill level 27 in Armour
    35 | D        | Reached skill level 27 in Spellcasting
    35 | D        | Reached XP level 22. HP: 233/233 MP: 8/53
    35 | D        | Killed a bag of meat
    35 | D        | Reached skill level 10 in Unarmed Combat
    35 | D        | Killed a bag of meat
    35 | D        | Reached skill level 10 in Stealth
    36 | D        | Noticed a bag of meat
    36 | D        | Killed a bag of meat
    36 | D        | Reached skill level 15 in Unarmed Combat
    36 | D        | Killed a bag of meat
    36 | D        | Killed a bag of meat
    37 | D        | Noticed a meat berserker
    37 | D        | Killed a bag of meat
    37 | D        | Killed a bag of meat
    37 | D        | Reached XP level 23. HP: 240/240 MP: 8/54
    37 | D        | Killed a bag of meat
    38 | D        | Killed a bag of meat
    38 | D        | Killed a bag of meat
    39 | D        | Killed a meat berserker
    39 | D        | Reached skill level 27 in Invocations
    39 | D        | Killed a bag of meat
    39 | D        | Reached skill level 27 in Unarmed Combat
    39 | D        | Killed a bag of meat
    39 | D        | Noticed a bag of meat
    40 | D        | Noticed a bag of meat
    40 | D        | Noticed a meat berserker
    40 | D        | Noticed a bag of meat
    40 | D        | Noticed a bag of meat
    41 | D        | Noticed a bag of meat
    41 | D        | Killed a bag of meat
    41 | D        | Reached XP level 24. HP: 245/249 MP: 9/54
    41 | D        | Killed a meat berserker
    41 | D        | Reached skill level 27 in Stealth
    41 | D        | Killed a bag of meat
    41 | D        | Killed a meat berserker
    41 | D        | Killed a meat berserker
    42 | D        | Noticed a bag of meat
    42 | D        | Noticed a bag of meat
    42 | D        | Killed a bag of meat
    42 | D        | Reached XP level 25. HP: 257/257 MP: 9/54
    42 | D        | Killed a bag of meat
    42 | D        | Killed a bag of meat
    42 | D        | Killed a bag of meat
    42 | D        | Killed a bag of meat
    43 | D        | Noticed a bag of meat
    43 | D        | Killed a large bag of meat
    43 | D        | Killed a large bag of meat
    43 | D        | Killed a bag of meat
    44 | D        | Noticed a sculptor of flesh
    44 | D        | Killed a bag of meat
    44 | D        | Killed a bag of meat
    44 | D        | Killed a bag of meat
    44 | D        | Reached XP level 26. HP: 266/266 MP: 10/54
    45 | D        | Noticed a bag of meat
    45 | D        | Noticed a bag of meat
    46 | D        | Killed a bag of meat
    46 | D        | Killed a bag of meat
    46 | D        | Killed a bag of meat
    47 | D        | Noticed a tyrant
    47 | D        | Noticed a bag of meat
    47 | D        | Killed a bag of meat
    47 | D        | Killed a meat berserker
    48 | D        | Noticed a bag of meat
    48 | D        | Noticed a bag of meat
    49 | D        | Killed a meat berserker
    49 | D        | Killed a bag of meat
    49 | D        | Reached XP level 27. HP: 273/273 MP: 11/54
    50 | D        | Noticed a bag of meat
    50 | D        | Noticed a bag of meat
    50 | D        | Noticed a sculptor of flesh
    50 | D        | Killed a bag of meat
    50 | D        | Killed a bag of meat
    51 | D        | Noticed a bag of meat
    51 | D        | Noticed a destroyer
    51 | D        | Noticed a tyrant
    51 | D        | Noticed a tyrant
    51 | D        | Killed a bag of meat
    51 | D        | Killed a bag of meat
    52 | D        | Killed a bag of meat
    52 | D        | Killed a bag of meat
    53 | D        | Noticed a bag of meat
    53 | D        | Noticed a meat berserker
    53 | D        | Noticed a bag of meat
    53 | D        | Killed a bag of meat
    53 | D        | Killed a bag of meat
    53 | D        | Killed a bag of meat
    55 | D        | Noticed an accursed
    55 | D        | Killed a tyrant
    55 | D        | Killed a bag of meat
    55 | D        | Killed a bag of meat
    55 | D        | Killed a bag of meat
    55 | D        | Killed a destroyer
    56 | D        | Killed a bag of meat
    56 | D        | Killed a bag of meat
    58 | D        | Killed a tyrant
    58 | D        | Killed a bag of meat
    59 | D        | Noticed a meat berserker
    59 | D        | Killed a sculptor of flesh
    59 | D        | Killed a bag of meat
    60 | D        | Noticed a destroyer
    60 | D        | Killed a tyrant
    61 | D        | Noticed a bag of meat
    61 | D        | Noticed The Captor
    61 | D        | Killed a sculptor of flesh
    61 | D        | Killed a bag of meat
    63 | D        | Noticed a meat berserker
    63 | D        | Noticed a sculptor of flesh
    64 | D        | Noticed a bag of meat
    64 | D        | Killed The Captor
    65 | D        | Noticed a meat berserker
    65 | D        | Noticed a meat berserker
    66 | D        | Noticed a meat berserker
    66 | D        | Noticed a meat beast
    66 | D        | Noticed a meat beast
    66 | D        | Killed a meat berserker
    66 | D        | Killed a bag of meat
    66 | D        | Killed a bag of meat
    67 | D        | Noticed an accursed
    67 | D        | Killed a bag of meat
    68 | D        | Noticed a meat berserker
    68 | D        | Noticed a sculptor of flesh
    68 | D        | Noticed a bag of meat
    68 | D        | Noticed a bag of meat
    69 | D        | Killed an accursed
    69 | D        | Killed a bag of meat
    69 | D        | Killed a meat beast
    69 | D        | Killed a meat berserker
    69 | D        | Killed a destroyer
    69 | D        | Killed a meat beast
    70 | D        | Noticed a meat beast
    70 | D        | Noticed a meat berserker
    71 | D        | Killed a meat berserker
    71 | D        | Killed a meat berserker
    72 | D        | Noticed a meat beast
    72 | D        | Noticed a destroyer
    72 | D        | Killed a meat berserker
    72 | D        | Killed a meat berserker
    73 | D        | Noticed a bag of meat
    73 | D        | Noticed a meat berserker
    73 | D        | Noticed a meat berserker
    73 | D        | Noticed a bag of meat
    74 | D        | Noticed a meat beast
    74 | D        | Killed a sculptor of flesh
    75 | D        | Noticed a meat berserker
    75 | D        | Noticed a dread
    75 | D        | Noticed a meat berserker
    76 | D        | Killed a meat berserker
    77 | D        | Noticed a meat beast
    77 | D        | Noticed a destroyer
    77 | D        | Killed a meat beast
    77 | D        | Killed a destroyer
    78 | D        | Noticed a meat berserker
    78 | D        | Noticed a meat berserker
    78 | D        | Noticed a large bag of meat
    78 | D        | Killed a meat beast
    78 | D        | Killed a meat berserker
    79 | D        | Noticed a meat berserker
    80 | D        | Noticed a bag of meat
    80 | D        | Noticed a bag of meat
    80 | D        | Killed a destroyer
    80 | D        | Killed a meat beast
    81 | D        | Noticed a dread
    81 | D        | Noticed a meat berserker
    81 | D        | Noticed a meat beast
    81 | D        | Killed a meat berserker
    81 | D        | Killed a meat beast
    82 | D        | Noticed a meat berserker
    82 | D        | Noticed a bag of meat
    83 | D        | Noticed a bag of meat
    83 | D        | Noticed an eight-headed meat hydra
    83 | D        | Noticed a meat berserker
    83 | D        | Noticed a meat berserker
    84 | D        | Noticed a meat beast
    84 | D        | Noticed a meat berserker
    84 | D        | Noticed a bag of meat
    86 | D        | Noticed a bag of meat
    86 | D        | Killed a meat berserker
    86 | D        | Killed a meat berserker
    86 | D        | Killed a meat berserker
    87 | D        | Noticed a bag of meat
    87 | D        | Noticed a meat berserker
    87 | D        | Killed a meat berserker
    88 | D        | Noticed a meat beast
    88 | D        | Killed a meat beast
    88 | D        | Killed a meat berserker
    89 | D        | Noticed a destroyer
    89 | D        | Noticed a sculptor of flesh
    89 | D        | Noticed a bag of meat
    89 | D        | Noticed a large bag of meat
    89 | D        | Killed a meat berserker
    90 | D        | Noticed a bag of meat
    90 | D        | Killed a meat berserker
    91 | D        | Noticed a large bag of meat
    91 | D        | Noticed a meat berserker
    91 | D        | Noticed a meat berserker
    91 | D        | Noticed a tyrant
    91 | D        | Noticed a meat beast
    91 | D        | Killed a meat berserker
    91 | D        | Killed a bag of meat
    92 | D        | Noticed a meat berserker
    92 | D        | Noticed a meat beast
    92 | D        | Noticed a bag of meat
    92 | D        | Killed a meat berserker
    92 | D        | Killed a meat berserker
    93 | D        | Noticed a destroyer
    93 | D        | Noticed a meat beast
    93 | D        | Noticed a meat berserker
    93 | D        | Noticed a large bag of meat
    93 | D        | Killed a meat beast
    94 | D        | Noticed a bag of meat
    94 | D        | Noticed a bag of meat
    94 | D        | Killed a meat berserker
    94 | D        | Killed a bag of meat
    94 | D        | Killed a destroyer
    94 | D        | Killed a dread
    95 | D        | Noticed a bag of meat
    95 | D        | Noticed a meat berserker
    95 | D        | Killed a meat berserker
    95 | D        | Killed a bag of meat
    95 | D        | Killed a bag of meat
    96 | D        | Noticed a meat berserker
    96 | D        | Noticed a large bag of meat
    96 | D        | Killed a bag of meat
    96 | D        | Killed a bag of meat
    97 | D        | Noticed a bag of meat
    97 | D        | Noticed a bag of meat
    97 | D        | Killed a meat berserker
    98 | D        | Noticed a meat berserker
    98 | D        | Noticed a tyrant
    98 | D        | Noticed a bag of meat
    98 | D        | Noticed a dread
    98 | D        | Killed a meat berserker
    98 | D        | Killed a meat beast
    99 | D        | Noticed a bag of meat
    99 | D        | Noticed a meat berserker
    99 | D        | Noticed a meat berserker
    99 | D        | Killed a large bag of meat
    99 | D        | Killed a meat berserker
    99 | D        | Killed a wretched soul
   100 | D        | Noticed a large bag of meat
   101 | D        | Noticed a bag of meat
   101 | D        | Killed a large bag of meat
   101 | D        | Killed a meat berserker
   101 | D        | Killed a destroyer
   102 | D        | Noticed a meat berserker
   102 | D        | Killed a meat berserker
   103 | D        | Noticed an accursed
   103 | D        | Killed a meat beast
   103 | D        | Killed a large bag of meat
   104 | D        | Noticed a meat berserker
   104 | D        | Noticed a bag of meat
   104 | D        | Noticed a bag of meat
   105 | D        | Killed a meat berserker
   105 | D        | Killed a bag of meat
   105 | D        | Killed a meat beast
   106 | D        | Noticed a bag of meat
   106 | D        | Noticed a destroyer
   106 | D        | Noticed a bag of meat
   106 | D        | Killed a sculptor of flesh
   106 | D        | Killed a meat beast
   107 | D        | Noticed a bag of meat
   107 | D        | Noticed a bag of meat
   107 | D        | Noticed an accursed
   107 | D        | Noticed a dread
   107 | D        | Noticed a destroyer
   107 | D        | Noticed a bag of meat
   107 | D        | Noticed a bag of meat
   107 | D        | Noticed a bag of meat
   107 | D        | Noticed a tyrant
   107 | D        | Noticed a bag of meat
   107 | D        | Noticed a destroyer
   107 | D        | Killed a meat berserker
   107 | D        | Killed a meat berserker
   108 | D        | Noticed a tyrant
   108 | D        | Noticed a bag of meat
   108 | D        | Noticed a large bag of meat
   108 | D        | Killed a bag of meat
   108 | D        | Killed a bag of meat
   108 | D        | Killed a destroyer
   108 | D        | Killed an observer
   108 | D        | Killed a tyrant
   109 | D        | Noticed a bag of meat
   109 | D        | Killed a bag of meat
   109 | D        | Killed a meat berserker
   110 | D        | Noticed a meat berserker
   110 | D        | Noticed a meat beast
   110 | D        | Killed a large bag of meat
   110 | D        | Killed a bag of meat
   110 | D        | Killed a bag of meat
   110 | D        | Killed a destroyer
   110 | D        | Killed a bag of meat
   110 | D        | Killed a meat berserker
   111 | D        | Noticed a bag of meat
   111 | D        | Killed a bag of meat
   112 | D        | Noticed a meat berserker
   112 | D        | Noticed a bag of meat
   112 | D        | Noticed a bag of meat
   112 | D        | Killed a meat berserker
   112 | D        | Killed from afar by a wretched soul

Vault maps used:
D:        meatsprint

Action                   |  1- 3 |  4- 6 |  7- 9 | 10-12 | 13-15 | 16-18 | 19-21 | 22-24 | 25-27 || total
-------------------------+-------+-------+-------+-------+-------+-------+-------+-------+-------++-------
Melee: Executioner's axe |     1 |       |       |     1 |     4 |     2 |     5 |     6 |    51 ||    70
Throw: Tomahawk          |       |       |       |       |       |       |       |       |     1 ||     1
 Cast: Apportation       |       |       |       |       |       |       |       |       |     1 ||     1
  Use: Scroll            |       |       |       |       |       |       |       |       |     1 ||     1
